 Dungeon Crawl Stone Soup version 0.29.1-15-g9cfb28693d (webtiles) character file.

Game seed: 5426144125021003216

42 protoss039 the Digger (level 3, -4/26 HPs)
             Began as a Demonspawn Earth Elementalist on Mar 12, 2023.
             Killed from afar by an orc wizard (7 damage)
             ... with a magic dart
             ... on level 3 of the Dungeon.
             The game lasted 00:02:25 (1612 turns).

protoss039 the Digger (DsEE)                        Turns: 1612, Time: 00:02:25

Health: -4/26      AC:  3    Str:  8    XL:     3   Next: 35%
Magic:  1/6        EV: 11    Int: 18    God:
Gold:   95         SH:  0    Dex: 13    Spells: 0/6 levels left

rFire   + . .      SeeInvis .   f - +4 short sword
rCold   . . .      Faith    .   (no shield)
rNeg    . . .      Spirit   .   i - +0 leather armour {rPois}
rPois   +          Reflect  .   (no helmet)
rElec   .          Harm     .   (no cloak)
rCorr   .          Rampage  .   (no gloves)
Will    .....                   (no boots)
Stlth   ++........              (no amulet)
HPRegen 0.08/turn               n - ring of protection from fire
MPRegen 0.10/turn               (no ring)

@: no status effects
A: weakness stinger 1
a: no special abilities


You were on level 3 of the Dungeon.
You visited 1 branch of the dungeon, and saw 3 of its levels.

You collected 95 gold pieces.

Inventory:

Hand Weapons
 e - a +2 trident of freezing
 f - a +4 short sword (weapon)
Armour
 i - a +0 leather armour of poison resistance (worn)
Jewellery
 n - a ring of protection from fire (left hand)
Scrolls
 a - 3 scrolls of blinking {unknown}
 d - 4 scrolls of identify {unknown}
 h - 2 scrolls of noise {unknown}
 j - a scroll of silence {unknown}
 k - a scroll of teleportation {unknown}
 l - a scroll of enchant armour {unknown}
 o - a scroll of vulnerability {unknown}
Potions
 b - a potion of magic
 g - a potion of mutation {unknown}
 m - a potion of might {unknown}


   Skills:
 + Level 1.3 Fighting
 * Level 1.0 Armour
 - Level 1.7 Dodging
 - Level 1.7 Stealth
 + Level 2.4 Spellcasting
 + Level 0.1 Conjurations
 - Level 0.8 Transmutations
 + Level 3.1 Earth Magic


You couldn't memorise any spells.
You knew the following spells:

 Your Spells              Type           Power      Damage    Failure   Level
a - Sandblast             Erth           26%        2d8       7%          1
b - Passwall              Tmut/Erth      7%         N/A       16%         2
c - Stone Arrow           Conj/Erth      16%        3d8       36%         3

Your spell library contained the following spells:

 Spells                   Type           Power      Damage    Failure   Level
 Summon Small Mammal      Summ           8%         N/A       24%         1
 Dazzling Flash           Conj/Hex       4%         N/A       56%         3
 Call Canine Familiar     Summ           2%         N/A       58%         3
 Summon Guardian Golem    Hex/Summ       2%         N/A       58%         3
 Petrify                  Tmut/Erth      9%         N/A       71%         4
 Agony                    Necr           2%         N/A       100%        5
 Silence                  Hex/Air        1%         N/A       100%        5


Dungeon Overview and Level Annotations

Branches:
Dungeon (3/15) Zot: 16368

Altars:

Shops:
D:1 :


Innate Abilities, Weirdness & Mutations

You have a small tail.


Message History

A puff of flame appears from out of thin air!
The puff of flame misses you.
Unknown command.
You bump into the rock wall.
Something hits you.
Unknown command.
You bump into the rock wall.
You feel less confused. Something hits you.
Unknown command.
Okay, then.
Casting: Sandblast (safe; 7% risk of failure)
Confirm with . or Enter, or press ? or * to list all spells.
The spell is extremely dangerous to miscast (36% risk of failure)!
Continue anyway?
Aiming: Stone Arrow (extremely dangerous; 36% risk of failure)
Press: ? - help, Shift-Dir - straight line Something hits you.
Unknown command.
Casting: Stone Arrow (extremely dangerous; 36% risk of failure)
Confirm with . or Enter, or press ? or * to list all spells.
Aiming: Sandblast (safe; 7% risk of failure)
Press: ? - help, Shift-Dir - straight line Something hits you.
* * * LOW HITPOINT WARNING * * *
Unknown command.
Casting: Sandblast (safe; 7% risk of failure)
Confirm with . or Enter, or press ? or * to list all spells.
Aiming: Sandblast (safe; 7% risk of failure)
Press: ? - help, Shift-Dir - straight line Something hits you.
* * * LOW HITPOINT WARNING * * *
Something hits you but does no damage.
Unknown command.
Casting: Sandblast (safe; 7% risk of failure)
Confirm with . or Enter, or press ? or * to list all spells.
Aiming: Sandblast (safe; 7% risk of failure)
Press: ? - help, Shift-Dir - straight line You hear some strange, mumbled words.
A magic dart appears from out of thin air!
The magic dart hits you!
You die...

#......
########.#####
#^...|....#
####....#.#
########.#.....#.#
...........#<..#.#
###.....#####.#
#...#.#.#.....#
#@###.#.#.#####
#{# #)#.#.# .)#
#.#.#.########
#.##
#.#.#......... ..
#.#.########## ..#
..... .. ...


There were no monsters in sight!

Vanquished Creatures
  An adder (D:2)
  A dart slug (D:1)
  2 orcs (D:3)
  2 ball pythons (D:2)
  3 endoplasms (D:1)
  2 giant cockroaches (D:2)
  3 goblins
  A hobgoblin (D:2)
  4 kobolds
  A quokka (D:2)
  4 bats
  A frilled lizard (D:2)
  4 rats
29 creatures vanquished.

Notes
Turn   | Place    | Note
-------+----------+-------------------------------------------
     0 | D:1      | protoss039 the Demonspawn Earth Elementalist began the
                  | quest for the Orb.
     0 | D:1      | Reached XP level 1. HP: 13/13 MP: 3/3
   334 | D:1      | Gained mutation: You have a small tail. [demonic ancestry]
   334 | D:1      | Reached XP level 2. HP: 20/20 MP: 5/5
   336 | D:1      | Found Wabunwin's Book Emporium.
   444 | D:1      | Reached skill level 1 in Fighting
   583 | D:1      | Learned a level 2 spell: Passwall
   689 | D:2      | Reached skill level 3 in Earth Magic
   756 | D:2      | Found a faded altar of an unknown god.
  1240 | D:2      | Reached XP level 3. HP: 26/26 MP: 6/6
  1292 | D:2      | Reached skill level 1 in Armour
  1505 | D:2      | Learned a level 3 spell: Stone Arrow
  1612 | D:3      | Killed from afar by an orc wizard

Illustrated notes

Levels and vault maps discovered:
D:1:      dpeg_arrival_round_b, layout_rooms, serial_shops,
          nicolae_lakefront_shop
D:2:      layout_loops_ring, ebering_ecumenical_altar_webs, grunt_ministairs_15
D:3:      layout_basic, cheibriados_altar_1, mainiacjoe_overflow_alcove_2,
          dk_yredelemnul_ordeal, lemuel_coloured_pillars_altar, st_stairs_3

Skill      XL: |  1  2  3 |
---------------+----------+-----
Fighting       | 1 |  1.3
Earth Magic    | 3 |  3.1
Armour         | 1 |  1.0
Dodging        | |  1.7
Stealth        | |  1.7
Spellcasting   | |  2.4
Conjurations   | |  0.1
Transmutations | |  0.8

Action                   || total
-------------------------++-------
Melee: Trident           ||    29
       Short sword       ||    33
       Tailslap          ||     3
 Cast: Sandblast         ||    17
       Stone Arrow       ||     1
  Use: Potion            ||     1
 Stab: Sleeping          ||     8
Armor: Leather armour    ||    19
Dodge: Dodged            ||    26
